TOP OF THE 1ST |
Milwaukee (NYP) Brewers batting - Pitching for Los Angeles (NYP) Dodgers : LHP Yok-sing Zhào
|
Pitching: LHP Yok-sing Zhào
|
|
Batting: LHB Fumito Sakurai
|
0-0: Called Strike 0-1: Ball 1-1: Swinging Strike 1-2: Ball 2-2: SINGLE (Groundball, 4M, EV 100.0 MPH) (infield hit)
|
Batting: RHB Xiao-shuang Au
|
Pickoff Throw to First - Error! E1 Fumito Sakurai to second 0-0: Ball 1-0: Ball 2-0: Called Strike 2-1: Foul Ball, location: 2F 2-2: Foul Ball, location: 2F 2-2: Foul Ball, location: 2F 2-2: Ball 3-2: Strikes out looking
|
Batting: RHB Jeremy Harden
|
0-0: Ball 1-0: Foul Ball, location: 2F 1-1: Ball 2-1: Ground out 5-3 (Groundball, 56, EV 99.4 MPH)
|
Batting: RHB Dan Allred
|
0-0: Ball 1-0: Ball 2-0: Called Strike 2-1: Ground out U3 (Groundball, 34, EV 83.1 MPH)
|
Top of the 1st over - 0 runs, 1 hit, 1 error, 1 left on base; Milwaukee (NYP) 0 - Los Angeles (NYP) 0 |
BOTTOM OF THE 1ST |
Los Angeles (NYP) Dodgers batting - Pitching for Milwaukee (NYP) Brewers : RHP Josh Brakefield
|
Pitching: RHP Josh Brakefield
|
|
Batting: SHB Guy Jerome
|
0-0: Ball 1-0: Foul Ball, location: 2F 1-1: Ground out U3 (Groundball, 3, EV 98.8 MPH)
|
Batting: RHB Perry Dominey
|
0-0: Bunt missed! 0-1: Ball 1-1: Swinging Strike 1-2: Fly out, F9 (Flyball, 89M, EV 77.5 MPH)
|
Batting: LHB Randy Stapleton
|
0-0: SINGLE (Groundball, 25, EV 74.4 MPH) (infield hit)
|
Batting: LHB Ramon Padilla
|
0-0: Ball 1-0: Called Strike 1-1: Foul Ball, location: 2F 1-2: Ball 2-2: Fielders Choice at 2nd, U4 (Groundball, 4M, EV 103.8 MPH)
|
Bottom of the 1st over - 0 runs, 1 hit, 0 errors, 1 left on base; Milwaukee (NYP) 0 - Los Angeles (NYP) 0 |
TOP OF THE 2ND |
Milwaukee (NYP) Brewers batting - Pitching for Los Angeles (NYP) Dodgers : LHP Yok-sing Zhào
|
Batting: RHB Tony Beaumond
|
0-0: Foul Ball, location: 2F 0-1: Ball 1-1: SOLO HOME RUN (Flyball, 78XD, EV 103.8 MPH), Distance : 438 ft
|
Batting: LHB Greg Reedy
|
0-0: Ground out U3 (Groundball, 13, EV 91.2 MPH)
|
Batting: RHB Chris Fruit
|
0-0: Ground out U3 (Groundball, 34S, EV 78.1 MPH)
|
Batting: LHB Dusty Bryant
|
0-0: Called Strike 0-1: Swinging Strike 0-2: Ball 1-2: Ground out U3 (Groundball, 3, EV 82.5 MPH)
|
Top of the 2nd over - 1 run, 1 hit, 0 errors, 0 left on base; Milwaukee (NYP) 1 - Los Angeles (NYP) 0 |
BOTTOM OF THE 2ND |
Los Angeles (NYP) Dodgers batting - Pitching for Milwaukee (NYP) Brewers : RHP Josh Brakefield
|
Batting: SHB Dave Reynoso
|
0-0: Hit by Pitch
|
Batting: RHB Cory Bonham
|
0-0: Ball 1-0: Ball 2-0: Ball 3-0: Base on Balls Dave Reynoso to second
|
Batting: RHB Justin Van Houten
|
0-0: Called Strike 0-1: Ball 1-1: Called Strike 1-2: Strikes out swinging
|
Batting: RHB Geoff Musico
|
0-0: Foul Ball, location: 2F 0-1: Grounds into double play, 5-4-3 (Groundball, 56S, EV 87.5 MPH)
|
Bottom of the 2nd over - 0 runs, 0 hits, 0 errors, 1 left on base; Milwaukee (NYP) 1 - Los Angeles (NYP) 0 |
TOP OF THE 3RD |
Milwaukee (NYP) Brewers batting - Pitching for Los Angeles (NYP) Dodgers : LHP Yok-sing Zhào
|
Batting: RHB Mohammed bin Ubaida
|
0-0: Ball 1-0: Ball 2-0: Foul Ball, location: 2F 2-1: Ball 3-1: Foul Ball, location: 2F 3-2: Fly out, F3 (Popup, 3F, EV 69.4 MPH)
|
Batting: LHB Fumito Sakurai
|
0-0: Ball 1-0: Ball 2-0: Called Strike 2-1: Foul Ball, location: 2F 2-2: Foul Ball, location: 2F 2-2: Ball 3-2: Strikes out swinging
|
Batting: RHB Xiao-shuang Au
|
0-0: Ball 1-0: Called Strike 1-1: Ball 2-1: Foul Ball, location: 2F 2-2: Ball 3-2: Base on Balls
|
Batting: RHB Jeremy Harden
|
0-0: Ball Wild Pitch! Xiao-shuang Au to second 1-0: Ball 2-0: Called Strike 2-1: Ball 3-1: Foul Ball, location: 2F 3-2: Fly out, F7 (Flyball, 78M, EV 86.9 MPH)
|
Top of the 3rd over - 0 runs, 0 hits, 0 errors, 1 left on base; Milwaukee (NYP) 1 - Los Angeles (NYP) 0 |
BOTTOM OF THE 3RD |
Los Angeles (NYP) Dodgers batting - Pitching for Milwaukee (NYP) Brewers : RHP Josh Brakefield
|
Batting: RHB Yok-sing Zhào
|
0-0: Ball 1-0: Fly out, F9 (Flyball, 9LM, EV 100.6 MPH)
|
Batting: SHB Guy Jerome
|
0-0: Ball 1-0: Ground out 5-3 (Groundball, 56, EV 86.2 MPH)
|
Batting: RHB Perry Dominey
|
0-0: Ball 1-0: Foul Ball, location: 2F 1-1: Ball 2-1: Fly out, F8 (Flyball, 8RD, EV 100.0 MPH)
|
Bottom of the 3rd over - 0 runs, 0 hits, 0 errors, 0 left on base; Milwaukee (NYP) 1 - Los Angeles (NYP) 0 |
TOP OF THE 4TH |
Milwaukee (NYP) Brewers batting - Pitching for Los Angeles (NYP) Dodgers : LHP Yok-sing Zhào
|
Batting: RHB Dan Allred
|
0-0: Ball 1-0: Ball 2-0: Ball 3-0: Base on Balls
|
Batting: RHB Tony Beaumond
|
0-0: SINGLE (Groundball, P, EV 87.5 MPH) (infield hit) Dan Allred to second
|
Batting: LHB Greg Reedy
|
0-0: Ball 1-0: Called Strike 1-1: Ball 2-1: Foul Ball, location: 2F 2-2: Ball 3-2: Foul Ball, location: 2F 3-2: Base on Balls Dan Allred to third Tony Beaumond to second
|
Pitching: RHP Bobby Altamirano
|
|
Batting: RHB Chris Fruit
|
0-0: Called Strike 0-1: Called Strike 0-2: Strikes out swinging
|
Batting: LHB Dusty Bryant
|
0-0: Called Strike 0-1: Called Strike 0-2: Ball Wild Pitch! Dan Allred scores Tony Beaumond to third Greg Reedy to second 1-2: DOUBLE (Line Drive, 9LS, EV 105.0 MPH) Tony Beaumond scores Greg Reedy scores
|
Batting: RHB Mohammed bin Ubaida
|
0-0: Called Strike 0-1: Swinging Strike 0-2: Ball 1-2: Ball 2-2: Strikes out swinging
|
Batting: LHB Fumito Sakurai
|
0-0: SINGLE (Groundball, 4MD, EV 101.2 MPH) (infield hit) Dusty Bryant to third
|
Batting: RHB Xiao-shuang Au
|
0-0: Ball Wild Pitch! Dusty Bryant scores Fumito Sakurai to second 1-0: Ground out 1-3 (Groundball, 15, EV 69.4 MPH)
|
Top of the 4th over - 4 runs, 3 hits, 0 errors, 1 left on base; Milwaukee (NYP) 5 - Los Angeles (NYP) 0 |
BOTTOM OF THE 4TH |
Los Angeles (NYP) Dodgers batting - Pitching for Milwaukee (NYP) Brewers : RHP Josh Brakefield
|
Batting: LHB Randy Stapleton
|
0-0: Foul Ball, location: 2F 0-1: Ball 1-1: Ball 2-1: Swinging Strike 2-2: Ball 3-2: Strikes out swinging, 2-3 out at first.
|
Batting: LHB Ramon Padilla
|
0-0: Ball 1-0: Called Strike 1-1: Called Strike 1-2: Strikes out swinging
|
Batting: SHB Dave Reynoso
|
0-0: Swinging Strike 0-1: Ground out 4-3 (Groundball, 34D, EV 77.5 MPH)
|
Bottom of the 4th over - 0 runs, 0 hits, 0 errors, 0 left on base; Milwaukee (NYP) 5 - Los Angeles (NYP) 0 |
TOP OF THE 5TH |
Milwaukee (NYP) Brewers batting - Pitching for Los Angeles (NYP) Dodgers : RHP Bobby Altamirano
|
Batting: RHB Jeremy Harden
|
0-0: Ball 1-0: Ball 2-0: Called Strike 2-1: Ball 3-1: Base on Balls
|
Batting: RHB Dan Allred
|
0-0: Called Strike 0-1: Swinging Strike 0-2: Ball 1-2: Strikes out swinging
|
Batting: RHB Tony Beaumond
|
0-0: Called Strike Jeremy Harden steals 2nd base 0-1: Ball 1-1: Foul Ball, location: 2F 1-2: Ball 2-2: Foul Ball, location: 2F 2-2: Foul Ball, location: 2F 2-2: Strikes out swinging
|
Batting: LHB Greg Reedy
|
0-0: Ball 1-0: Called Strike 1-1: Fly out, F5 (Popup, 56S, EV 82.5 MPH)
|
Top of the 5th over - 0 runs, 0 hits, 0 errors, 1 left on base; Milwaukee (NYP) 5 - Los Angeles (NYP) 0 |
BOTTOM OF THE 5TH |
Los Angeles (NYP) Dodgers batting - Pitching for Milwaukee (NYP) Brewers : RHP Josh Brakefield
|
Batting: RHB Cory Bonham
|
0-0: Ball 1-0: Ball 2-0: Swinging Strike 2-1: Foul Ball, location: 2F 2-2: Strikes out swinging
|
Batting: RHB Justin Van Houten
|
0-0: Foul Ball, location: 2F 0-1: Ball 1-1: Foul Ball, location: 2F 1-2: Foul Ball, location: 2F 1-2: Foul Ball, location: 2F 1-2: Foul Ball, location: 2F 1-2: Fly out, F8 (Flyball, 89M, EV 78.8 MPH)
|
Batting: RHB Geoff Musico
|
0-0: Ball 1-0: Swinging Strike 1-1: Fly out, F9 (Flyball, 89M, EV 96.2 MPH)
|
Bottom of the 5th over - 0 runs, 0 hits, 0 errors, 0 left on base; Milwaukee (NYP) 5 - Los Angeles (NYP) 0 |
TOP OF THE 6TH |
Milwaukee (NYP) Brewers batting - Pitching for Los Angeles (NYP) Dodgers : RHP Bobby Altamirano
|
Batting: RHB Chris Fruit
|
0-0: Called Strike 0-1: Swinging Strike 0-2: Ball 1-2: Strikes out swinging
|
Batting: LHB Dusty Bryant
|
0-0: Ball 1-0: Fly out, F8 (Flyball, 8RXD, EV 101.9 MPH)
|
Batting: RHB Mohammed bin Ubaida
|
0-0: Called Strike 0-1: Foul Ball, location: 2F 0-2: Ball 1-2: Strikes out swinging
|
Top of the 6th over - 0 runs, 0 hits, 0 errors, 0 left on base; Milwaukee (NYP) 5 - Los Angeles (NYP) 0 |
BOTTOM OF THE 6TH |
Los Angeles (NYP) Dodgers batting - Pitching for Milwaukee (NYP) Brewers : RHP Josh Brakefield
|
Batting: RHB Yok-sing Zhào
|
0-0: Foul Ball, location: 2F 0-1: Ball 1-1: Foul Ball, location: 2F 1-2: Foul Ball, location: 2F 1-2: Strikes out swinging
|
Batting: SHB Guy Jerome
|
0-0: Called Strike 0-1: Foul Ball, location: 2F 0-2: Ball 1-2: Fly out, F8 (Flyball, 8LXD, EV 93.8 MPH)
|
Batting: RHB Perry Dominey
|
0-0: Ball 1-0: Ball 2-0: Ball 3-0: Called Strike 3-1: Ground out U3 (Groundball, 3S, EV 78.8 MPH)
|
Bottom of the 6th over - 0 runs, 0 hits, 0 errors, 0 left on base; Milwaukee (NYP) 5 - Los Angeles (NYP) 0 |
TOP OF THE 7TH |
Milwaukee (NYP) Brewers batting - Pitching for Los Angeles (NYP) Dodgers : RHP Bobby Altamirano
|
Batting: LHB Fumito Sakurai
|
0-0: Called Strike 0-1: Called Strike 0-2: Ball 1-2: Ball 2-2: SINGLE (Groundball, 34D, EV 100.6 MPH)
|
Pitching: RHP Juan Serrano
|
|
Batting: RHB Xiao-shuang Au
|
0-0: Ball 1-0: Swinging Strike 1-1: Foul Ball, location: 2F 1-2: SINGLE (Flyball, 89S, EV 93.8 MPH) Fumito Sakurai to second
|
Batting: RHB Jeremy Harden
|
0-0: Ball Wild Pitch! Fumito Sakurai to third Xiao-shuang Au to second 1-0: SINGLE (Line Drive, 8LS, EV 88.1 MPH) Fumito Sakurai scores Xiao-shuang Au to third
|
Batting: RHB Dan Allred
|
0-0: Ball 1-0: Grounds into double play, 6-4-3 (Groundball, 6, EV 89.4 MPH) Xiao-shuang Au scores
|
Batting: RHB Tony Beaumond
|
0-0: SINGLE (Groundball, 34D, EV 108.1 MPH)
|
Batting: LHB Greg Reedy
|
0-0: Swinging Strike 0-1: SINGLE (Flyball, 4D, EV 91.2 MPH) Tony Beaumond to second
|
Batting: RHB Chris Fruit
|
0-0: Fielders Choice at 2nd, 6-4 (Groundball, 6, EV 85.0 MPH)
|
Top of the 7th over - 2 runs, 5 hits, 0 errors, 2 left on base; Milwaukee (NYP) 7 - Los Angeles (NYP) 0 |
BOTTOM OF THE 7TH |
Los Angeles (NYP) Dodgers batting - Pitching for Milwaukee (NYP) Brewers : RHP Josh Brakefield
|
Batting: LHB Randy Stapleton
|
0-0: Ball 1-0: Foul Ball, location: 2F 1-1: Foul Ball, location: 2F 1-2: Ball 2-2: Ground out U3 (Groundball, 34, EV 92.5 MPH)
|
Pinch Hitting: RHB Miguel Vazquez
|
0-0: Ground out 5-3 (Groundball, 56, EV 81.9 MPH)
|
Batting: SHB Dave Reynoso
|
0-0: Called Strike 0-1: Ball 1-1: Ground out 5-3 (Groundball, 5, EV 96.2 MPH)
|
Bottom of the 7th over - 0 runs, 0 hits, 0 errors, 0 left on base; Milwaukee (NYP) 7 - Los Angeles (NYP) 0 |
TOP OF THE 8TH |
Milwaukee (NYP) Brewers batting - Pitching for Los Angeles (NYP) Dodgers : RHP Juan Serrano
|
Now at 1B: Miguel Vazquez
|
|
Batting: LHB Dusty Bryant
|
0-0: Ball 1-0: Foul Ball, location: 2F 1-1: Ball 2-1: Foul Ball, location: 2F 2-2: Ball 3-2: Base on Balls
|
Batting: RHB Mohammed bin Ubaida
|
0-0: Ball 1-0: Foul Ball, location: 2F 1-1: Called Strike 1-2: Strikes out swinging
|
Batting: LHB Fumito Sakurai
|
0-0: Fly out, F7 (Flyball, 7D, EV 102.5 MPH)
|
Batting: RHB Xiao-shuang Au
|
0-0: Ball 1-0: Called Strike 1-1: Swinging Strike 1-2: Strikes out looking
|
Top of the 8th over - 0 runs, 0 hits, 0 errors, 1 left on base; Milwaukee (NYP) 7 - Los Angeles (NYP) 0 |
BOTTOM OF THE 8TH |
Los Angeles (NYP) Dodgers batting - Pitching for Milwaukee (NYP) Brewers : RHP Josh Brakefield
|
Batting: RHB Cory Bonham
|
0-0: Fly out, F9 (Line Drive, 9, EV 107.5 MPH)
|
Batting: RHB Justin Van Houten
|
0-0: Called Strike 0-1: Foul Ball, location: 2F 0-2: Ball 1-2: Ball 2-2: Foul Ball, location: 2F 2-2: Strikes out swinging
|
Batting: RHB Geoff Musico
|
0-0: Ball 1-0: Called Strike 1-1: Ball 2-1: Foul Ball, location: 2F 2-2: Ball 3-2: Foul Ball, location: 2F 3-2: Foul Ball, location: 2F 3-2: Ground out 1-3 (Groundball, 13S, EV 71.2 MPH)
|
Bottom of the 8th over - 0 runs, 0 hits, 0 errors, 0 left on base; Milwaukee (NYP) 7 - Los Angeles (NYP) 0 |
TOP OF THE 9TH |
Milwaukee (NYP) Brewers batting - Pitching for Los Angeles (NYP) Dodgers : RHP Juan Serrano
|
Batting: RHB Jeremy Harden
|
0-0: Ball 1-0: Foul Ball, location: 2F 1-1: Fly out, F9 (Line Drive, 89M, EV 99.4 MPH)
|
Batting: RHB Dan Allred
|
0-0: Ball 1-0: Swinging Strike 1-1: TRIPLE (Flyball, 9LD, EV 109.4 MPH)
|
Pitching: RHP Ramon Luna
|
|
Batting: RHB Tony Beaumond
|
0-0: Called Strike 0-1: Foul Ball, location: 2F 0-2: Ball 1-2: Foul Ball, location: 2F 1-2: Ground out 6-3 (Groundball, 6S, EV 82.5 MPH) Dan Allred scores
|
Batting: LHB Greg Reedy
|
0-0: Called Strike 0-1: Foul Ball, location: 2F 0-2: Strikes out swinging
|
Top of the 9th over - 1 run, 1 hit, 0 errors, 0 left on base; Milwaukee (NYP) 8 - Los Angeles (NYP) 0 |
BOTTOM OF THE 9TH |
Los Angeles (NYP) Dodgers batting - Pitching for Milwaukee (NYP) Brewers : RHP Josh Brakefield
|
Pitching: RHP Corey Pierce
|
|
Batting: LHB Conor Bailey
|
0-0: DOUBLE (Flyball, 78D, EV 98.8 MPH)
|
Batting: SHB Guy Jerome
|
0-0: Ball 1-0: Swinging Strike 1-1: Called Strike 1-2: Foul Ball, location: 2F 1-2: Ball 2-2: SINGLE (Groundball, 4MD, EV 105.6 MPH) Conor Bailey to third
|
Batting: RHB Perry Dominey
|
0-0: Grounds into double play, 6-4-3 (Groundball, 6, EV 88.1 MPH) Conor Bailey scores
|
Batting: LHB Randy Stapleton
|
0-0: Called Strike 0-1: Ball 1-1: Ball 2-1: Swinging Strike 2-2: Ball 3-2: Foul Ball, location: 2F 3-2: Base on Balls
|
Batting: RHB Miguel Vazquez
|
0-0: Foul Ball, location: 2F 0-1: Ball 1-1: Ball 2-1: Called Strike 2-2: Ball 3-2: Foul Ball, location: 2F 3-2: Foul Ball, location: 2F 3-2: Strikes out swinging
|
Bottom of the 9th over - 1 run, 2 hits, 0 errors, 1 left on base; Milwaukee (NYP) 8 - Los Angeles (NYP) 1 |
|